AoeStats
← UGodALouSass

Black Forest

503941700Analyzed
3v3 RM · 29d ago on Sep 3, 2026· 64m 40s· 6 players
Game mode
Random Map
Map size
Normal (6 player)
Population
200
Speed
Normal
Resources
Standard
Victory
Conquest
Starting age
Dark Age
Ending age
Imperial Age
RankedLock teamsTeams togetherTeam positionsShared explorationLock speedFull tech treeHidden civsTurbo modeCheats
Victory
Defeat
🇺🇸 Muisca · United States
1149
+8
🇺🇸 Wei · United States
1055
+12
🇺🇸 Khmer · United States
793
+24
🇨🇴 Magyars · Colombia
1096
-20
🇨🇴 Khmer · Colombia
1000
-16
🇦🇷 Spanish · Argentina
794
-8
Jose Romero9022
4:34 Loom
12:44 Feudal Age
13:38 Double-Bit Axe
13:49 Gold Mining
14:49 Horse Collar
20:43 Wheelbarrow
23:04 Castle Age
23:28 Forging
23:20 Scale Mail Armor
23:26 Scale Barding Armor
22:46 Man-at-Arms
27:11 Bow Saw
27:07 Heavy Plow
35:12 Chain Barding Armor
34:52 Stone Mining
38:06 Padded Archer Armor
37:57 Fletching
38:29 Chain Barding Armor
38:25 Chain Mail Armor
37:52 Long Swordsman
45:30 Imperial Age
51:44 Cavalier
51:52 Elite Conquistador
56:32 Pikeman
alexander114
0:56 Loom
12:04 Feudal Age
18:10 Castle Age
16:00 Double-Bit Axe
23:02 Scale Barding Armor
29:08 Fletching
32:06 Bodkin Arrow
34:57 Ballistics
36:31 Padded Archer Armor
38:04 Leather Archer Armor
38:26 Gold Mining
42:19 Imperial Age
39:46 Horse Collar
40:28 Town Watch
41:19 Wheelbarrow
40:37 Town Watch
41:25 Town Patrol
41:39 Thumb Ring
42:08 Bow Saw
43:13 Heavy Cavalry Archer
44:20 Parthian Tactics
DARLINSON2350
11:31 Loom
13:48 Feudal Age
14:52 Double-Bit Axe
14:51 Horse Collar
22:26 Castle Age
20:31 Gold Mining
23:18 Wheelbarrow
23:42 Bow Saw
23:47 Pikeman
26:34 Heavy Plow
27:08 Stone Mining
27:54 Gold Shaft Mining
28:37 Stone Shaft Mining
29:01 Hand Cart
32:43 Imperial Age
34:35 Crop Rotation
33:34 Elite Battle Elephant
34:54 Scale Barding Armor
35:34 Elite Ballista Elephant
37:56 Chain Barding Armor
38:02 Ballistics
38:47 Chemistry
39:34 Plate Barding Armor
41:15 Husbandry
44:10 Cavalier
45:57 Scale Mail Armor
UGodALouSass
1:01 Loom
13:41 Feudal Age
16:20 Horse Collar
23:25 Castle Age
25:01 Wheelbarrow
25:06 Wheelbarrow
27:10 Gold Mining
27:17 Double-Bit Axe
31:01 Hand Cart
30:37 Fishing Lines
35:42 Imperial Age
36:14 Imperial Age
39:04 Chemistry
39:49 Bow Saw
39:49 Heavy Plow
39:44 Gillnets
42:10 Double Crossbow
42:51 Crop Rotation
43:03 Gold Shaft Mining
42:19 Stone Mining
47:25 Elite Ballista Elephant
50:33 Coinage
50:05 Caravan
58:14 Bloodlines
58:06 Husbandry
58:29 Scale Barding Armor
58:34 Forging
58:25 Scale Mail Armor
58:16 Fletching
58:28 Padded Archer Armor
Hokey107
0:50 Loom
13:57 Feudal Age
18:26 Castle Age
16:48 Double-Bit Axe
16:43 Horse Collar
17:18 Gold Mining
18:07 Scale Mail Armor
22:17 Redemption
22:50 Squires
25:13 Forging
25:19 Chain Mail Armor
27:58 Iron Casting
29:18 Wheelbarrow
30:15 Town Watch
34:08 Imperial Age
33:17 Sanctity
33:07 Fervor
35:23 Hand Cart
36:00 Illumination
36:11 Theocracy
35:51 Block Printing
37:02 Stone Mining
37:23 Bow Saw
37:33 Heavy Plow
38:22 Fletching
39:03 Plate Mail Armor
38:35 Padded Archer Armor
40:19 Bodkin Arrow
40:42 Thumb Ring
40:11 Crossbowman
42:12 Two-Man Saw
42:33 Conscription
41:50 Elite Temple Guard
43:04 Bracer
43:24 Leather Archer Armor
44:50 Arbalester
46:56 Chemistry
48:09 Onager
GHETTO LENNY
1:23 Loom
12:51 Feudal Age
16:41 Castle Age
14:42 Double-Bit Axe
15:41 Stone Mining
15:58 Horse Collar
16:09 Fishing Lines
19:37 Bow Saw
20:06 Gillnets
23:45 Heavy Plow
26:04 Wheelbarrow
26:12 Tuntian
27:41 Hand Cart
28:11 Town Watch
29:00 Ballistics
28:33 Fletching
28:53 Thumb Ring
29:48 Husbandry
33:07 Imperial Age
31:22 Bloodlines
31:28 Scale Barding Armor
31:55 Bodkin Arrow
32:13 Padded Archer Armor
32:34 Chain Barding Armor
32:25 Forging
32:37 Caravan
34:32 Parthian Tactics
33:36 Heavy Hei Guang Cavalry
34:51 Ming Guang Armor
35:50 Crop Rotation
35:22 Elite Tiger Cavalry
36:54 Conscription
37:36 Iron Casting
37:12 Murder Holes
38:19 Chemistry
40:49 Fortified Wall
43:11 Blast Furnace
52:11 Scale Mail Armor
52:12 Bracer
52:27 Leather Archer Armor
57:06 Chain Mail Armor
57:21 Ring Archer Armor
59:39 Masonry
59:09 Treadmill Crane
59:19 Heated Shot
59:32 Town Patrol
Connection lost

Rejoining the realm…

Still unreachable

The connection could not be restored.

Session expired

The server has moved on; the page needs a fresh start.